[ AOE2 MATCH · #507221766 ]
UnrankedDravidians vs Cumans
Player's team · LOSS
Rival team · WIN
[ REPLAY ANALYSIS · EXTRACTED FROM THE RECORDED GAME ]
Feudal
8:58
Castle
29:53
Imperial
—
| APM avg | 54.4 |
| APM peak | 89 |
| eAPM avg | 28.5 |
| Villagers / military | 151 / 128 |
Focus
⚔️ 28.8% · 🌾 71.2%
Archer ×52 · Skirmisher ×42 · Urumi Swordsman ×24 · Mangonel ×8 · Armored Elephant ×2
Feudal
8:28
Castle
30:27
Imperial
49:27
| APM avg | 66.1 |
| APM peak | 124 |
| eAPM avg | 36.7 |
| Villagers / military | 239 / 81 |
Focus
⚔️ 26.6% · 🌾 73.4%
Kipchak ×49 · Mangonel ×14 · Battering Ram ×12 · Trebuchet (Packed) ×6
Match map
Initial resources + every placement click. Lines = walls · curves = elevation contours. ◆ gold · ⬟ stone · ● berries · ✦ relic · ◌ wall gap
Your base· Open — 9t gap
msntt951753's base· Open — 11t gap
Smoothed initial terrain · ◌ = detected wall gap · hover for details
Inputs per minute
— xlalox corona - - msntt951753
Build order — xlalox corona
First 150 of 509 actions detected
| 0:00 | Queue | Villager (Male) |
| 0:02 | Build | House |
| 0:02 | Build | House |
| 0:19 | Queue | Villager (Male) |
| 0:29 | Queue | Villager (Male) |
| 0:29 | Queue | Villager (Male) |
| 1:26 | Queue | Villager (Male) |
| 1:54 | Queue | Villager (Male) |
| 2:07 | Build | Lumber Camp |
| 2:28 | Queue | Villager (Male) |
| 2:54 | Queue | Villager (Male) |
| 2:55 | Queue | Villager (Male) |
| 3:33 | Queue | Villager (Male) |
| 3:49 | Build | House |
| 3:57 | Queue | Villager (Male) |
| 4:25 | Queue | Villager (Male) |
| 4:43 | Build | Mining Camp |
| 4:49 | Queue | Villager (Male) |
| 5:13 | Queue | Villager (Male) |
| 5:14 | Queue | Villager (Male) |
| 5:34 | Queue | Villager (Male) |
| 5:39 | Queue | Villager (Male) |
| 5:39 | Queue | Villager (Male) |
| 5:46 | Queue | Villager (Male) |
| 5:46 | Queue | Villager (Male) |
| 5:57 | Build | House |
| 6:06 | Research | Loom |
| 6:48 | Research | Feudal Age |
| 7:38 | Build | Barracks |
| 7:42 | Queue | Villager (Male) |
| 8:12 | Queue | Villager (Male) |
| 8:47 | Queue | Villager (Male) |
| 8:58 | Age | Feudal Age |
| 9:00 | Build | Archery Range |
| 9:09 | Queue | Villager (Male) |
| 9:21 | Build | Archery Range |
| 9:25 | Build | Palisade Wall |
| 9:31 | Build | Palisade Wall |
| 9:37 | Queue | Archer |
| 9:37 | Queue | Archer |
| 9:37 | Queue | Archer |
| 9:44 | Research | Double-Bit Axe |
| 9:51 | Queue | Archer |
| 10:42 | Queue | Archer |
| 10:44 | Queue | Villager (Male) |
| 10:46 | Build | House |
| 10:48 | Queue | Villager (Male) |
| 11:00 | Queue | Villager (Male) |
| 11:13 | Build | House |
| 11:26 | Queue | Archer |
| 11:26 | Queue | Archer |
| 11:27 | Queue | Archer |
| 11:30 | Build | Blacksmith |
| 11:34 | Queue | Villager (Male) |
| 12:06 | Queue | Villager (Male) |
| 12:06 | Queue | Villager (Male) |
| 12:21 | Build | Mining Camp |
| 12:30 | Build | Mill |
| 12:38 | Queue | Archer |
| 12:38 | Queue | Archer |
| 12:50 | Queue | Archer |
| 12:51 | Queue | Archer |
| 12:57 | Build | Farm |
| 13:08 | Build | Farm |
| 13:09 | Build | Farm |
| 13:29 | Build | Farm |
| 13:47 | Queue | Archer |
| 13:52 | Build | House |
| 14:05 | Build | Farm |
| 14:09 | Queue | Archer |
| 14:10 | Queue | Archer |
| 14:14 | Build | House |
| 14:17 | Queue | Villager (Male) |
| 14:30 | Queue | Archer |
| 14:30 | Queue | Archer |
| 14:36 | Build | House |
| 14:47 | Queue | Archer |
| 15:16 | Queue | Villager (Male) |
| 15:16 | Queue | Villager (Male) |
| 15:21 | Queue | Villager (Male) |
| 15:46 | Build | Farm |
| 15:48 | Build | House |
| 15:55 | Queue | Archer |
| 15:55 | Queue | Archer |
| 16:03 | Queue | Archer |
| 16:03 | Queue | Archer |
| 16:04 | Queue | Villager (Male) |
| 16:07 | Build | House |
| 16:22 | Queue | Archer |
| 16:22 | Queue | Archer |
| 16:26 | Queue | Villager (Male) |
| 16:36 | Build | House |
| 16:54 | Build | House |
| 16:57 | Build | House |
| 17:00 | Queue | Villager (Male) |
| 17:01 | Queue | Archer |
| 17:02 | Queue | Archer |
| 17:27 | Build | Farm |
| 17:28 | Build | Farm |
| 17:39 | Build | House |
| 17:44 | Queue | Archer |
| 17:44 | Queue | Archer |
| 17:56 | Research | Fletching |
| 17:56 | Research | Fletching |
| 18:08 | Queue | Archer |
| 18:18 | Queue | Villager (Male) |
| 18:43 | Queue | Villager (Male) |
| 19:25 | Build | Town Center |
| 19:33 | Queue | Archer |
| 19:33 | Queue | Archer |
| 19:44 | Build | House |
| 19:47 | Build | House |
| 19:53 | Queue | Archer |
| 19:53 | Queue | Archer |
| 20:16 | Queue | Archer |
| 20:16 | Queue | Archer |
| 20:41 | Build | Farm |
| 20:50 | Queue | Archer |
| 20:51 | Queue | Archer |
| 21:02 | Queue | Archer |
| 21:18 | Queue | Archer |
| 21:19 | Queue | Archer |
| 21:36 | Queue | Villager (Male) |
| 21:37 | Build | Farm |
| 21:38 | Build | Farm |
| 21:40 | Build | Market |
| 21:43 | Queue | Villager (Male) |
| 21:45 | Queue | Archer |
| 21:45 | Queue | Archer |
| 21:51 | Queue | Archer |
| 22:17 | Queue | Villager (Male) |
| 22:22 | Queue | Villager (Male) |
| 22:24 | Build | Farm |
| 22:26 | Build | Farm |
| 22:27 | Build | Farm |
| 22:38 | Queue | Villager (Male) |
| 23:09 | Queue | Villager (Male) |
| 23:33 | Queue | Villager (Male) |
| 23:40 | Queue | Villager (Male) |
| 23:52 | Build | Archery Range |
| 24:06 | Queue | Villager (Male) |
| 24:14 | Queue | Villager (Male) |
| 24:15 | Build | House |
| 24:15 | Build | House |
| 24:21 | Build | Farm |
| 24:34 | Queue | Villager (Male) |
| 24:35 | Queue | Villager (Male) |
| 24:39 | Queue | Villager (Male) |
| 24:39 | Queue | Villager (Male) |
| 24:42 | Queue | Villager (Male) |
Build order — msntt951753
First 150 of 542 actions detected
| 0:00 | Queue | Villager (Male) |
| 0:01 | Queue | Villager (Male) |
| 0:01 | Queue | Villager (Male) |
| 0:02 | Build | House |
| 0:03 | Build | House |
| 0:08 | Queue | Villager (Male) |
| 0:08 | Queue | Villager (Male) |
| 1:24 | Queue | Villager (Male) |
| 1:24 | Queue | Villager (Male) |
| 2:00 | Queue | Villager (Male) |
| 2:00 | Queue | Villager (Male) |
| 2:18 | Build | Lumber Camp |
| 2:23 | Queue | Villager (Male) |
| 2:23 | Queue | Villager (Male) |
| 2:41 | Queue | Villager (Male) |
| 2:41 | Queue | Villager (Male) |
| 3:10 | Queue | Villager (Male) |
| 3:10 | Queue | Villager (Male) |
| 3:11 | Queue | Villager (Male) |
| 3:47 | Build | House |
| 3:55 | Queue | Villager (Male) |
| 3:55 | Queue | Villager (Male) |
| 4:11 | Queue | Villager (Male) |
| 4:11 | Queue | Villager (Male) |
| 4:11 | Queue | Villager (Male) |
| 5:10 | Queue | Villager (Male) |
| 5:10 | Queue | Villager (Male) |
| 5:13 | Build | Mill |
| 5:24 | Research | Loom |
| 5:24 | Research | Loom |
| 6:18 | Research | Feudal Age |
| 6:19 | Research | Feudal Age |
| 6:59 | Queue | Villager (Male) |
| 6:59 | Queue | Villager (Male) |
| 7:09 | Build | House |
| 7:41 | Queue | Villager (Male) |
| 7:42 | Queue | Villager (Male) |
| 8:28 | Age | Feudal Age |
| 8:32 | Queue | Villager (Male) |
| 8:32 | Queue | Villager (Male) |
| 8:50 | Build | Town Center |
| 9:02 | Build | Palisade Wall |
| 9:20 | Queue | Villager (Male) |
| 10:03 | Queue | Villager (Male) |
| 10:04 | Queue | Villager (Male) |
| 10:14 | Queue | Villager (Male) |
| 10:23 | Build | Watch Tower |
| 10:47 | Queue | Villager (Male) |
| 10:47 | Queue | Villager (Male) |
| 10:47 | Queue | Villager (Male) |
| 10:52 | Queue | Villager (Male) |
| 11:21 | Queue | Villager (Male) |
| 11:21 | Queue | Villager (Male) |
| 11:26 | Queue | Villager (Male) |
| 11:26 | Queue | Villager (Male) |
| 11:35 | Build | House |
| 11:49 | Build | Watch Tower |
| 11:56 | Build | Palisade Wall |
| 12:09 | Build | Watch Tower |
| 12:10 | Queue | Villager (Male) |
| 12:10 | Queue | Villager (Male) |
| 12:17 | Build | House |
| 12:25 | Queue | Villager (Male) |
| 12:25 | Queue | Villager (Male) |
| 12:28 | Queue | Villager (Male) |
| 12:28 | Queue | Villager (Male) |
| 12:37 | Build | Blacksmith |
| 12:49 | Queue | Villager (Male) |
| 12:50 | Queue | Villager (Male) |
| 13:01 | Build | Outpost |
| 13:06 | Queue | Villager (Male) |
| 13:07 | Queue | Villager (Male) |
| 13:12 | Build | Mining Camp |
| 13:17 | Build | House |
| 13:18 | Build | House |
| 13:21 | Queue | Villager (Male) |
| 13:21 | Queue | Villager (Male) |
| 13:33 | Queue | Villager (Male) |
| 13:33 | Queue | Villager (Male) |
| 13:51 | Queue | Villager (Male) |
| 13:51 | Queue | Villager (Male) |
| 14:00 | Queue | Villager (Male) |
| 14:01 | Queue | Villager (Male) |
| 14:08 | Build | Siege Workshop |
| 14:12 | Queue | Villager (Male) |
| 14:12 | Queue | Villager (Male) |
| 14:16 | Build | House |
| 14:17 | Build | House |
| 14:20 | Queue | Villager (Male) |
| 14:20 | Queue | Villager (Male) |
| 14:24 | Build | Farm |
| 14:26 | Queue | Villager (Male) |
| 14:27 | Queue | Villager (Male) |
| 14:47 | Build | Lumber Camp |
| 14:53 | Queue | Villager (Male) |
| 14:53 | Queue | Villager (Male) |
| 14:57 | Queue | Villager (Male) |
| 14:57 | Queue | Villager (Male) |
| 15:04 | Queue | Villager (Male) |
| 15:25 | Queue | Battering Ram |
| 15:25 | Queue | Battering Ram |
| 15:32 | Build | Palisade Gate |
| 15:42 | Queue | Villager (Male) |
| 15:42 | Queue | Villager (Male) |
| 15:43 | Queue | Villager (Male) |
| 16:08 | Queue | Villager (Male) |
| 16:08 | Queue | Villager (Male) |
| 16:44 | Queue | Villager (Male) |
| 16:44 | Queue | Villager (Male) |
| 16:54 | Build | Watch Tower |
| 17:04 | Build | Palisade Gate |
| 17:10 | Build | House |
| 17:11 | Build | Palisade Wall |
| 17:31 | Build | Palisade Wall |
| 17:32 | Queue | Villager (Male) |
| 17:32 | Queue | Villager (Male) |
| 17:46 | Build | Watch Tower |
| 17:53 | Queue | Villager (Male) |
| 17:53 | Queue | Villager (Male) |
| 17:54 | Queue | Battering Ram |
| 17:54 | Queue | Battering Ram |
| 17:54 | Queue | Battering Ram |
| 18:04 | Build | Farm |
| 18:54 | Build | Farm |
| 18:55 | Queue | Villager (Male) |
| 18:56 | Queue | Villager (Male) |
| 19:17 | Build | House |
| 19:21 | Build | Farm |
| 19:37 | Build | Watch Tower |
| 19:51 | Queue | Villager (Male) |
| 19:51 | Queue | Villager (Male) |
| 19:53 | Build | Farm |
| 20:16 | Build | Palisade Wall |
| 20:16 | Build | Palisade Wall |
| 20:18 | Build | Palisade Wall |
| 20:25 | Queue | Battering Ram |
| 20:25 | Queue | Battering Ram |
| 20:34 | Queue | Villager (Male) |
| 20:34 | Queue | Villager (Male) |
| 20:37 | Build | Farm |
| 20:39 | Build | Farm |
| 21:03 | Build | Watch Tower |
| 21:07 | Queue | Villager (Male) |
| 21:07 | Queue | Villager (Male) |
| 21:12 | Build | Farm |
| 21:46 | Queue | Battering Ram |
| 21:46 | Queue | Battering Ram |
| 21:48 | Queue | Villager (Male) |
| 21:49 | Queue | Villager (Male) |
| 21:56 | Build | Watch Tower |
Match timeline
| 7:38 | xlalox corona · first_building Barracks |
| 8:28 | msntt951753 · age_up feudal |
| 8:58 | xlalox corona · age_up feudal |
| 9:00 | xlalox corona · first_building Archery Range |
| 9:02 | msntt951753 · wall_segment Palisade Wall x1 |
| 9:25 | xlalox corona · wall_segment Palisade Wall x1 |
| 9:31 | xlalox corona · wall_segment Palisade Wall x4 |
| 11:56 | msntt951753 · wall_segment Palisade Wall x1 |
| 14:08 | msntt951753 · first_building Siege Workshop |
| 17:11 | msntt951753 · wall_segment Palisade Wall x1 |
| 17:31 | msntt951753 · wall_segment Palisade Wall x1 |
| 20:16 | msntt951753 · wall_segment Palisade Wall x1 |
| 20:16 | msntt951753 · wall_segment Palisade Wall x1 |
| 20:18 | msntt951753 · wall_segment Palisade Wall x1 |
| 26:57 | xlalox corona · first_market_buy 100 food |
| 27:39 | msntt951753 · first_market_buy 100 food |
| 27:42 | msntt951753 · first_market_sell 100 stone |
| 29:53 | xlalox corona · age_up castle |
| 30:27 | msntt951753 · age_up castle |
| 30:57 | xlalox corona · first_building Siege Workshop |
| 31:57 | xlalox corona · first_market_sell 100 wood |
| 39:16 | xlalox corona · first_building Castle |
| 39:48 | msntt951753 · first_building Castle |
| 49:27 | msntt951753 · age_up imperial |
| 58:06 | xlalox corona · resign |
[ AI ANALYSIS · 1 CREDIT ]
What really happened in this match?
Wolo.gg analyzes every decision: build order, eco, micro, common mistakes by bracket. Personalized analysis on WhatsApp or Discord in 30 seconds.
Civ guide
Dravidians
Perfil
Jugador #2592125